 Dungeon Crawl Stone Soup version 0.22.1-6-g1668fe2c40 (webtiles) character file.

35167 Kohma the Grappler (level 13, -7/113 HPs)
             Began as a Green Draconian Transmuter on Jan 25, 2019.
             Was an Elder of Sif Muna.
             Mangled by a spiny frog (11 damage)
             ... on level 6 of the Lair of Beasts.
             The game lasted 01:52:06 (27705 turns).

Kohma the Grappler (Green Draconian Transmuter)    Turns: 27705, Time: 01:52:07

Health: -7/113     AC: 12    Str: 13    XL:     13   Next: 46%
Magic:  17/22      EV: 16    Int: 21    God:    Sif Muna [****..]
Gold:   904        SH:  4    Dex: 14    Spells: 9/24 levels left

rFire    + + .     SeeInvis .     - Unarmed
rCold    + . .     Gourm    .   (shield currently unavailable)
rNeg     . . .     Faith    .   (armour unavailable)
rPois    +         Spirit   .   f - +1 hat {Int+3}
rElec    .         Reflect  +   z - scarf {rC+ rF+}
rCorr    .         Harm     .   (gloves currently unavailable)
MR       .....                  Q - +2 pair of boots {Stlth+}
Stlth    ++++......             C - +4 amulet of reflection
HPRegen  0.28/turn              h - ring of protection from fire
MPRegen  0.18/turn              g - +2 ring of dexterity

@: blade hands, slowed, very slow
A: breathe noxious fumes, unfitting armour, poison resistance, cold-blooded, AC
+8
a: Breathe Noxious Fumes, End Transformation, Divine Energy, Channel Magic,
Forget Spell, Renounce Religion


You were on level 6 of the Lair of Beasts.
You worshipped Sif Muna.
Sif Muna was greatly pleased with you.
You were not hungry.
You had blades for hands.
You visited 3 branches of the dungeon, and saw 18 of its levels.
You also visited: Sewer and Bailey.

You collected 904 gold pieces.

Inventory:

Hand Weapons
 b - a +3 blowgun
 e - a +3 scimitar of flaming
Missiles
 B - 35 arrows
 M - 86 poisoned needles
 X - 5 javelins (quivered)
Armour
 a - a +2 buckler of poison resistance
 f - a +1 hat of intelligence (worn)
 z - a scarf of resistance (worn)
 J - a +0 pair of gloves (melded)
 Q - a +2 pair of boots of stealth (worn)
 V - a scarf of repulsion
Magical Staves
 m - an uncursed staff of wizardry
 n - an uncursed staff of summoning
Jewellery
 g - a +2 ring of dexterity (right scythe-like blade)
 h - a ring of protection from fire (left scythe-like blade)
 j - a +2 ring of intelligence
 y - an uncursed ring of positive energy
 C - a +4 amulet of reflection (around neck)
 W - an uncursed amulet of magic regeneration
Wands
 t - a wand of enslavement (11)
 K - a wand of iceblast (8)
 P - a wand of random effects (21)
Scrolls
 i - 3 scrolls of enchant weapon
 k - a scroll of summoning
 l - a scroll of fog
 o - 3 scrolls of magic mapping
 x - a scroll of amnesia
 D - 6 scrolls of immolation
 E - 4 scrolls of remove curse
 F - a scroll of blinking
 L - 5 scrolls of teleportation
 S - a scroll of fear
Potions
 d - 4 potions of magic
 p - 4 potions of brilliance
 q - a potion of cancellation {unknown}
 r - 2 potions of lignification
 s - 4 potions of invisibility
 u - 3 potions of berserk rage
 v - 2 potions of resistance
 w - 7 potions of might
 A - 2 potions of agility
 H - a potion of flight {unknown}
 I - a potion of heal wounds
 N - 4 potions of mutation
 O - 10 potions of curing
 R - 3 potions of haste
Miscellaneous
 T - a box of beasts
 Y - a lightning rod (4/4)
Comestibles
 c - 8 rations
 G - 4 chunks of flesh


   Skills:
 - Level 10.0 Fighting
 + Level 6.4 Dodging
 - Level 5.1 Stealth
 * Level 13.7 Unarmed Combat
 + Level 6.3 Spellcasting
 - Level 2.0 Summonings
 + Level 10.0 Transmutations
 - Level 5.0 Ice Magic
 - Level 4.0 Poison Magic
 - Level 5.0 Evocations


You had 9 spell levels left.
You knew the following spells:

 Your Spells              Type           Power        Failure   Level  Hunger
b - Sticks to Snakes      Tmut           #####...     9%          2    None
c - Spider Form           Tmut/Pois      #####.....   19%         3    #......
d - Blade Hands           Tmut           #####.....   30%         5    #####..
e - Ice Form              Ice/Tmut       #####...     30%         4    ###....
f - Summon Butterflies    Summ           ###.....     30%         1    None

Your spell library contained the following spells:

 Spells                   Type           Power        Failure   Level  Hunger
 Beastly Appendage        Tmut           #####.       8%          1    None
 Apportation              Tloc           #.....       45%         1    None
 Corona                   Hex            #......      45%         1    None
 Call Canine Familiar     Summ           ###.....     52%         3    #......
 Slow                     Hex            #.......     54%         2    None
 Alistair's Intoxication  Tmut/Pois      #####...     54%         5    #####..
 Summon Ice Beast         Ice/Summ       ###.....     65%         4    ###....
 Inner Flame              Hex/Fire       #.......     71%         3    #......
 Lesser Beckoning         Tloc           #.........   71%         3    #......
 Portal Projectile        Hex/Tloc       #.....       71%         3    #......
 Tukima's Dance           Hex            #.......     71%         3    #......
 Cause Fear               Hex            #.........   95%         4    ###....
 Leda's Liquefaction      Hex/Erth       #.........   95%         4    ###....
 Summon Mana Viper        Hex/Summ       ##......     99%         5    #####..
 Invisibility             Hex            #.......     100%        6    ######.
 Summon Hydra             Summ           ###.......   100%        7    #######


Dungeon Overview and Level Annotations

Branches:
Dungeon (11/15)            Temple (1/1) D:6            Lair (6/6) D:10
  Swamp (0/4) Lair:4       Spider (0/4) Lair:3          Orc (0/2) D:11
  Slime: Lair:5-6

Altars:
Ashenzari
Cheibriados
Dithmenos
Elyvilon
Fedhas
Gozag
Hepliaklqana
Kikubaaqudgha
Makhleb
Nemelex Xobeh
Okawaru
Qazlal
Ru
Sif Muna
Trog
Uskayaw
Vehumet
Wu Jian
Xom
Yredelemnul
Zin
The Shining One


Innate Abilities, Weirdness & Mutations

You can breathe blasts of noxious fumes.
Your lurid green scales are hard. (AC +8)
You cannot fit into any form of body armour.
Your system is resistant to poisons. (rPois)
You are cold-blooded and may be slowed by cold attacks.


Message History

Your water moccasin misses the hornet.
The hornet misses you.
Casting: Sticks to Snakes (safe; 9% risk of failure)
Confirm with . or Enter, or press ? or * to list all spells.
You miscast Sticks to Snakes.
Sif Muna protects you from the effects of your miscast!
Your water moccasin bites the hornet but does no damage.
The spiny frog stings you!!
* * * LOW HITPOINT WARNING * * *
The hornet stings you.
* * * LOW HITPOINT WARNING * * *
You feel yourself slow down.
A water moccasin comes into view.
Your water moccasin barely misses the hornet.
You feel better. The hornet closely misses you.
The spiny frog stings you but does no damage.
Your water moccasin bites the hornet but does no damage.
The hornet stings you!
* * * LOW HITPOINT WARNING * * *
The spiny frog stings you!
You die...

#......P#####....
#P.........###...
##........#.##...
#..........##.รท..
#............#...
##.......).......
###................
##..............##..
#.F@.........######.
#.yS.......#P# #...
#.........#### ###.
#..........# ..#
............## ###.
..............# ##
.......S......#
...............
...............


You could see a spiny frog, a hornet, a water moccasin and a friendly water
moccasin.

Vanquished Creatures
  Nessos (Lair:4)
  2 hydras
  Erica (D:11)
  2 two-headed ogres (D:11)
  A death yak (Lair:5)
  An unseen horror (D:11)
  Pikel (D:9)
  A harpy (Lair:6)
  An oklob plant (Lair:1)
  5 elephants
  5 black mambas
  8 spiny frogs
  A gargoyle (D:10)
  4 rime drakes
  6 komodo dragons
  3 trolls
  A polar bear (Lair:5)
  A queen bee (D:11)
  3 jumping spiders (Lair:3)
  3 blink frogs (Lair:6)
  12 hippogriffs
  Grinder (D:3)
  Sigmund (D:3)
  29 yaks
  2 redbacks (Lair:3)
  2 wyverns
  A basilisk (Lair:2)
  A hungry ghost (D:9)
  Edmund (D:4)
  Menkaure (D:6)
  A swamp worm (Lair:4)
  7 water moccasins
  2 ice beasts
  8 porcupines (Lair:2)
  6 orc warriors
  A slave (D:9)
  A necrophage (D:11)
  2 phantoms
  6 wolves
  7 centaurs
  4 ogres
  11 crocodiles
  10 bullfrogs
  2 gnoll sergeants
  2 big kobolds
  2 scorpions
  24 killer bees
  9 wights
  2 electric eels (Lair:5)
  3 howler monkeys
  7 crimson imps
  A bullfrog zombie (D:5)
  3 jellies
  A quasit (D:8)
  7 hounds
  3 centaur zombies
  2 centaur skeletons
  2 iguanas (D:7)
  6 orc priests
  8 orc wizards
  Jessica (D:2)
  A bullfrog skeleton (D:4)
  7 worker ants
  Natasha (thrice) (D:4)
  21 gnolls
  3 river rats (D:5)
  13 adders
  4 shadow imps
  An ooze (D:1)
  A worm (D:3)
  2 dart slugs (D:1)
  5 leopard geckos
  31 orcs
  2 giant cockroaches
  9 goblins
  16 hobgoblins
  16 jackals
  28 kobolds
  4 quokkas (D:4)
  4 ball pythons
  4 bats
  5 frilled lizards
  A jackal skeleton (D:8)
  A quokka skeleton (D:4)
  8 rats
  A bush (Lair:1)
  A butterfly (Lair:6)
  3 plants
448 creatures vanquished.

Vanquished Creatures (collateral kills)
  An elephant (Lair:5)
  2 spiny frogs
  A troll (D:11)
  A yak (Lair:2)
  3 hungry ghosts
  A water moccasin (Lair:2)
  3 porcupines
  An orc warrior (D:7)
  A slave (D:9)
  2 black bears (D:7)
  2 wolves (Lair:2)
  A bullfrog (Lair:2)
  2 scorpions (D:7)
  3 killer bees
  A howler monkey (D:5)
  Crazy Yiuf (D:2)
  An orc priest (D:4)
  3 worker ants
  Robin (D:2)
  An adder (D:9)
  5 gnolls
  An adder skeleton (D:7)
  A worm (D:2)
  A leopard gecko (D:5)
  8 orcs
  2 ball pythons (Sewer)
  3 giant cockroaches
  4 goblins (D:2)
  3 hobgoblins (Bailey)
  5 jackals
  2 frilled lizards
  9 kobolds
76 creatures vanquished.

Vanquished Creatures (others)
  2 slaves (D:9)
  3 fungi
  21 plants
26 creatures vanquished.

Grand Total: 550 creatures vanquished

Notes
Turn   | Place    | Note
-------+----------+-------------------------------------------
     0 | D:1      | Kohma the Draconian Transmuter began the quest for the Orb.
     0 | D:1      | Reached XP level 1. HP: 16/16 MP: 3/3
   288 | D:1      | Reached XP level 2. HP: 23/23 MP: 3/5
   292 | D:1      | Learned a level 2 spell: Sticks to Snakes
   965 | D:2      | Reached XP level 3. HP: 18/28 MP: 0/6
  1052 | D:2      | Noticed Jessica
  1063 | D:2      | Killed Jessica
  1224 | D:2      | Learned a level 3 spell: Spider Form
  1411 | D:2      | Reached XP level 4. HP: 23/35 MP: 4/7
  1649 | D:2      | Found a blossoming altar of Fedhas.
  1650 | D:2      | Found an ancient bone altar of Kikubaaqudgha.
  1995 | D:2      | Noticed Robin
  2126 | D:2      | Killed Robin
  2259 | D:2      | Found a runed door.
  2653 | D:2      | Noticed Crazy Yiuf
  2660 | D:2      | Killed Crazy Yiuf
  2660 | D:2      | Reached skill level 1 in Poison Magic
  2660 | D:2      | Reached XP level 5. HP: 17/40 MP: 1/9
  2906 | D:3      | Noticed Sigmund
  2922 | D:3      | Killed Sigmund
  2922 | D:3      | Reached skill level 4 in Unarmed Combat
  2922 | D:3      | Reached XP level 6. HP: 37/47 MP: 3/10
  3317 | D:3      | Noticed Grinder
  3327 | D:3      | Killed Grinder
  3327 | D:3      | Reached skill level 5 in Transmutations
  3731 | D:4      | Your scales start taking on a lurid green colour.
  3731 | D:4      | Reached XP level 7. HP: 55/55 MP: 1/11
  3731 | D:4      | Gained mutation: Your system is resistant to poisons.
                  | (rPois) [Green Draconian growth]
  3733 | D:4      | Noticed Natasha
  3741 | D:4      | Killed Natasha
  4023 | D:4      | Noticed Edmund
  4049 | D:4      | Found a shadowy altar of Dithmenos.
  4078 | D:4      | Killed Edmund
  4320 | D:4      | Got a warped dagger {elec}
  4361 | D:4      | Found a shattered altar of Ashenzari.
  4753 | D:4      | Found a deep blue altar of Sif Muna.
  4761 | D:4      | Became a worshipper of Sif Muna the Loreminder
  4840 | D:4      | Noticed Natasha
  4851 | D:4      | Killed Natasha
  4851 | D:4      | Reached skill level 5 in Unarmed Combat
  4878 | D:4      | Found a snail-covered altar of Cheibriados.
  4880 | D:4      | Found a white marble altar of Elyvilon.
  5036 | D:4      | Noticed Natasha
  5043 | D:4      | Killed Natasha
  5090 | D:4      | Found a shadowy altar of Dithmenos.
  5161 | D:4      | Found a shattered altar of Ashenzari.
  5362 | D:4      | Found a deep blue altar of Sif Muna.
  5625 | D:4      | Found a snail-covered altar of Cheibriados.
  5627 | D:4      | Found a white marble altar of Elyvilon.
  5750 | D:5      | Entered Level 5 of the Dungeon
  5821 | D:5      | Found a glowing drain.
  5849 | D:5      | Reached XP level 8. HP: 50/63 MP: 10/13
  5878 | Sewer    | Entered a sewer
  6262 | Sewer    | Learned a level 5 spell: Blade Hands
  7282 | D:5      | Reached * piety under Sif Muna
  7474 | D:6      | Identified a scroll of acquirement
  7728 | D:6      | Learned a level 4 spell: Ice Form
  7750 | D:6      | Noticed Menkaure
  7764 | D:6      | Killed Menkaure
  8109 | D:6      | Found a staircase to the Ecumenical Temple.
  8123 | Temple   | Entered the Ecumenical Temple
  8371 | D:6      | Reached skill level 6 in Unarmed Combat
  8613 | D:6      | Found a blossoming altar of Fedhas.
  8882 | D:6      | Reached skill level 5 in Fighting
  9042 | D:6      | Reached XP level 9. HP: 72/74 MP: 13/15
  9503 | D:7      | Reached skill level 1 in Evocations
  9749 | D:7      | Reached ** piety under Sif Muna
 10497 | D:8      | Reached skill level 7 in Unarmed Combat
 10545 | D:8      | Reached skill level 1 in Ice Magic
 10902 | D:8      | Found a shattered altar of Ashenzari.
 10902 | D:8      | Found a radiant altar of Vehumet.
 11248 | D:8      | Reached XP level 10. HP: 33/84 MP: 14/16
 12654 | D:8      | Found an iron altar of Okawaru.
 12734 | D:9      | Noticed Pikel
 12766 | D:9      | Killed Pikel
 12766 | D:9      | Reached skill level 10 in Transmutations
 13009 | D:9      | Found a flagged portal.
 13079 | Bailey   | Entered a bailey
 13273 | Bailey   | Reached *** piety under Sif Muna
 14360 | D:9      | Reached skill level 8 in Unarmed Combat
 14904 | D:9      | Found an opulent altar of Gozag.
 14905 | D:9      | Found a glowing silver altar of Zin.
 15354 | D:10     | Entered Level 10 of the Dungeon
 15398 | D:10     | HP: 1/86 [wyvern (15)]
 15401 | D:10     | Reached skill level 5 in Evocations
 15414 | D:10     | Reached XP level 11. HP: 18/93 MP: 12/17
 16051 | D:10     | Found a staircase to the Lair.
 16082 | D:10     | Reached skill level 5 in Ice Magic
 16811 | D:11     | Noticed a two-headed ogre
 16841 | D:11     | Killed a two-headed ogre
 16841 | D:11     | Reached skill level 9 in Unarmed Combat
 17233 | D:11     | Noticed a two-headed ogre
 17241 | D:11     | Killed a two-headed ogre
 17530 | D:11     | Noticed Erica
 17543 | D:11     | Killed Erica
 17976 | D:11     | Reached skill level 10 in Unarmed Combat
 17976 | D:11     | Reached skill level 5 in Spellcasting
 17991 | D:11     | Found a staircase to the Orcish Mines.
 17995 | D:11     | Learned a level 1 spell: Summon Butterflies
 18006 | D:11     | Reached **** piety under Sif Muna
 18109 | D:11     | Killed an unseen horror
 18109 | D:11     | Reached skill level 1 in Summonings
 18587 | Lair:1   | Entered Level 1 of the Lair of Beasts
 19493 | Lair:1   | Noticed an oklob plant
 20218 | Lair:1   | Killed an oklob plant
 20240 | Lair:2   | Noticed a six-headed hydra
 20249 | Lair:2   | Killed a nine-headed hydra
 20249 | Lair:2   | Reached skill level 11 in Unarmed Combat
 20608 | Lair:2   | Reached XP level 12. HP: 88/105 MP: 11/19
 20789 | Lair:1   | HP: 1/106 [spiny frog (20)]
 21539 | Lair:2   | Reached skill level 10 in Fighting
 21543 | Lair:2   | HP: 4/106 [yak (12)]
 22741 | Lair:3   | Reached skill level 12 in Unarmed Combat
 22872 | Lair:3   | Reached skill level 1 in Stealth
 22965 | Lair:3   | Found a hole to the Spider Nest.
 23687 | Lair:4   | Noticed Nessos
 23702 | Lair:4   | Killed Nessos
 23787 | Lair:4   | Noticed a five-headed hydra
 23793 | Lair:4   | Killed a three-headed hydra
 23972 | Lair:4   | Reached skill level 5 in Dodging
 23993 | Lair:4   | Found a staircase to the Swamp.
 25477 | Lair:6   | Entered Level 6 of the Lair of Beasts
 25845 | Lair:6   | Reached skill level 13 in Unarmed Combat
 25852 | Lair:6   | Reached XP level 13. HP: 95/113 MP: 16/21
 26214 | Lair:6   | HP: 2/113 [elephant (19)]
 27296 | Lair:6   | Reached skill level 5 in Stealth
 27705 | Lair:6   | HP: 4/113 [hornet (15)]
 27705 | Lair:6   | Mangled by a spiny frog

Skill      XL: |  1  2  3  4  5  6  7  8  9 10 11 12 13 |
---------------+----------------------------------------+-----
Transmutations | 3 4 5 6 7 9 10 | 10.0
Poison Magic   | 1 3 4 |  4.0
Unarmed Combat | 4 5 6 7 8 11 13 | 13.7
Spellcasting   | 3 4 5 6 |  6.3
Fighting       | 2 3 5 6 7 9 10 | 10.0
Evocations     | 3 5 |  5.0
Ice Magic      | 1 4 5 |  5.0
Summonings     | 2 |  2.0
Dodging        | 2 5 6 |  6.4
Stealth        | 3 5 |  5.1

Action                   |  1- 3 |  4- 6 |  7- 9 | 10-12 | 13-15 || total
-------------------------+-------+-------+-------+-------+-------++-------
Melee: Unarmed           |    86 |   142 |   726 |   803 |   120 ||  1877
       Kick              |     7 |     9 |    61 |     2 |       ||    79
       Tailslap          |     9 |     9 |    66 |    75 |    15 ||   174
       Headbutt          |     2 |     2 |    26 |       |       ||    30
       Punch             |       |     2 |     7 |    20 |     5 ||    34
       Scimitar          |       |       |       |     4 |       ||     4
 Fire: Blowgun           |       |       |       |     1 |       ||     1
Throw: Tomahawk          |    10 |       |       |       |       ||    10
 Cast: Beastly Appendage |    16 |    19 |    48 |     6 |       ||    89
       Sticks to Snakes  |     6 |    21 |    34 |    58 |     8 ||   127
       Spider Form       |       |     4 |    24 |    22 |     1 ||    51
       Blade Hands       |       |       |     2 |    30 |    10 ||    42
       Ice Form          |       |       |       |     4 |       ||     4
 Abil: Breathe Noxious F |       |       |     2 |    10 |     1 ||    13
       End Transformatio |       |       |       |     1 |       ||     1
Evoke: Wand              |       |       |       |     3 |       ||     3
       Box of beasts     |       |       |       |     2 |       ||     2
  Use: Potion            |     1 |       |     2 |     6 |     4 ||    13
       Scroll            |       |       |    25 |    18 |       ||    43
 Stab: Distracted        |       |     2 |     2 |     3 |       ||     7
       Sleeping          |       |     1 |       |     9 |     2 ||    12
       Confused          |       |       |     1 |     6 |       ||     7
  Eat: Chunk             |     2 |     6 |    16 |    38 |     7 ||    69
       Ration            |       |     1 |     4 |     9 |       ||    14
Armor: Skin              |    32 |    38 |   146 |   195 |    62 ||   473
Dodge: Dodged            |    53 |   110 |   420 |   626 |   100 ||  1309
       Deflected         |       |       |     5 |       |       ||     5
Block: Other             |       |       |    58 |   147 |    37 ||   242
       Reflection        |       |       |     1 |     6 |       ||     7
